 Dungeon Crawl Stone Soup version bcrawl-1.19.2-6-g6a88ae04c9 (webtiles) character file.

Game seed: 17851304222194564732

12271 Artagas the Basher (level 11, -1/102 HPs)
             Began as a Sand Dwarf Sloth Apostle on Dec 15, 2019.
             Was an Elder of Cheibriados.
             Slain by a blink frog (14 damage)
             ... on level 2 of the Lair of Beasts.
             The game lasted 00:31:14 (5223 turns).

Artagas the Basher (Sand Dwarf Sloth Apostle)       Turns: 5223, Time: 00:31:15

Health: -1/102     AC: 18    Str: 27    XL:     11   Next: 90%
Magic:  18/18      EV:  9    Int: 23    God:    Cheibriados [****..]
Gold:   182        SH: 12    Dex: 23    Spells: 11/12 levels left

rFire    + . .     SeeInvis .   a - +0 flail
rCold    . . .     Gourm    .   c - +0 shield
rNeg     + . .     Faith    .   C - +4 scale mail
rPois    .         Spirit   .   (no helmet)
rElec    .         Reflect  .   s - +0 cloak
rCorr    .         Harm     .   (no gloves)
MR       +....     Clarity  +   G - +1 pair of boots
Stlth    ++........             (no amulet)
HPRegen  0.27/turn              f - ring of protection from fire
MPRegen  0.16/turn              n - ring of positive energy

@: very slow
A: small, slimy green scales 1, camouflage 1, clarity, high mp 1, slowness 1,
armour attunement
a: Bend Time, Temporal Distortion, Slouch, Renounce Religion


You were on level 2 of the Lair of Beasts.
You worshipped Cheibriados.
Cheibriados was greatly pleased with you.
You were not hungry.

You visited 2 branches of the dungeon, and saw 9 of its levels.

You collected 383 gold pieces.
You spent 201 gold pieces at shops.

Inventory:

Hand Weapons
 a - a +0 flail (weapon)
   (You took it off an orc priest on level 3 of the Dungeon)
 b - a +0 hunting sling
   (You found it on level 1 of the Dungeon)
 F - a +0 morningstar
   (You took it off an orc warrior on level 7 of the Dungeon)
Missiles
 g - 812 stones (quivered)
 m - 775 sling bullets
Armour
 c - a +0 shield (worn)
 h - a +0 robe
 j - a +0 chain mail
   (You took it off an orc on level 2 of the Dungeon)
 s - a +0 cloak (worn)
   (You found it on level 3 of the Dungeon)
 C - a +4 scale mail (worn)
   (You found it on level 6 of the Dungeon)
 G - a +1 pair of boots (worn)
   (You found it on level 7 of the Dungeon)
Jewellery
 f - a ring of protection from fire (left hand)
   (You found it on level 1 of the Dungeon)
 n - a ring of positive energy (right hand)
   (You found it on level 3 of the Dungeon)
Wands
 d - a wand of polymorph (7)
   (You bought it in a shop on level 4 of the Dungeon)
 r - a wand of flame (31)
   (You found it on level 1 of the Lair of Beasts)
Scrolls
 k - a scroll of enchant weapon
 l - a scroll of vulnerability {unknown}
 u - 2 scrolls of noise {unknown}
 y - a scroll of amnesia {unknown}
 A - a scroll of fog {unknown}
 B - 2 scrolls of fear {unknown}
 D - a scroll of enchant armour
Potions
 q - a potion of curing
 J - a potion of brilliance {unknown}
Miscellaneous
 i - a sack of spiders
Comestibles
 e - 7 rations {!d}


   Skills:
 + Level 11.1 Fighting
 - Level 14.1 Maces & Flails
 + Level 8.3 Armour
 - Level 2.4 Stealth
 - Level 5.0 Shields
 - Level 1.0 Spellcasting
 - Level 0.7 Hexes
 + Level 7.1 Invocations
 + Level 7.3 Evocations


You had 11 spell levels left.
You knew the following spells:

 Your Spells              Type           Power        Failure   Level  Hunger
a - Slow                  Hex            #.......     43%         1    ##.....
Your spell library was empty.

Dungeon Overview and Level Annotations

Branches:
Dungeon (7/12)               Lair (2/6) D:7
 Temple: D:4-7        Swamp: Lair:2-4    Shoals: Lair:2-4     Snake: Lair:2-4
 Spider: Lair:2-4

Altars:
Ashenzari
Fedhas
Kikubaaqudgha
Nemelex Xobeh
Zin
The Shining One

Shops:
D:4 %%*   D:6 ?

Annotations:
D:5 2 transporters


Innate Abilities, Weirdness & Mutations

You are small and have problems with some larger weapons.
You cover ground slowly.
Armour does not affect your spellcasting.
You are partially covered in slimy green scales. (AC +2)
Your skin changes colour to match your surroundings (Stealth+).
You possess an exceptional clarity of mind.
You have an increased reservoir of magic. (+10% MP)


Message History

The killer bee stings you.
You are poisoned.
The killer bee poisons you! You block the killer bee's attack.
You closely miss the killer bee.
The killer bee is almost dead.
You feel sick.
The killer bee stings you but does no damage.
You hit the killer bee but do no damage.
The killer bee is almost dead.
The killer bee stings you.
You are more poisoned.
The killer bee poisons you! The killer bee stings you.
You closely miss the killer bee.
The killer bee is almost dead.
You block the killer bee's attack.
You sock the killer bee!
You kill the killer bee!
Cheibriados thoroughly appreciates the change of pace.
You feel sick.
You start resting.
You feel sick. x2
A killer bee comes into view.
Unknown command.
b - a +0 hunting sling (weapon)
Firing (i - inventory. (/) - cycle)
m - 778 sling bullets (quivered)
Press: ? - help, Shift-Dir - straight line, f - you Really target yourself? [Y]es or [N]o only, please.
Really target yourself? [Y]es or [N]o only, please.
Really target yourself?
Okay, then.
You feel sick.
You feel sick.
Found a ration.
You start resting.
You feel sick. x7
The killer bee is too close now for your liking.
Firing (i - inventory. (/) - cycle)
m - 778 sling bullets (quivered)
Press: ? - help, Shift-Dir - straight line, f - killer bee
Aim: a killer bee (hasn't noticed you)
You shoot a sling bullet.
The sling bullet barely misses the killer bee.
The killer bee buzzes angrily.
The blink frog gives a loud, deep croak!
You feel sick.
Firing (i - inventory. (/) - cycle)
m - 777 sling bullets (quivered)
Press: ? - help, Shift-Dir - straight line, f/p - killer bee
Aim: a killer bee You shoot a sling bullet.
The sling bullet misses the killer bee.
You block the killer bee's attack. x2; The killer bee closely misses you.
The blink frog hits you!
* * * LOW HITPOINT WARNING * * *
a - a +0 flail (weapon)
The killer bee stings you but does no damage.
Unknown command.
You fail to use your ability.
You block the killer bee's attack. The blink frog hits you!
* * * LOW HITPOINT WARNING * * *
The killer bee stings you.
* * * LOW HITPOINT WARNING * * *
You are more poisoned.
The killer bee poisons you! The blink frog hits you.
* * * LOW HITPOINT WARNING * * *
You feel better. The killer bee closely misses you. The blink frog hits you.
* * * LOW HITPOINT WARNING * * *
You block the killer bee's attack.
Unknown command.
You can feel time thicken for a moment.
You kill the blink frog!
Cheibriados thoroughly appreciates the change of pace.
You kill the killer bee!
Cheibriados thoroughly appreciates the change of pace.
You feel somewhat more hungry.
You can no longer step out of the time flow.
Cheibriados lowers the support of your attributes as your movement quickens.
You start resting.
The blink frog is too close now for your liking.
b - a +0 hunting sling (weapon)
The blink frog gives a loud, deep croak!
Firing (i - inventory. (/) - cycle)
m - 776 sling bullets (quivered)
Press: ? - help, Shift-Dir - straight line, f - blink frog
Aim: a blink frog You shoot a sling bullet.
The sling bullet closely misses the blink frog.
a - a +0 flail (weapon)
The blink frog hits you but does no damage.
You barely miss the blink frog.
The blink frog hits you but does no damage.
You closely miss the blink frog. The blink frog barely misses you.
You bludgeon the blink frog!!
The blink frog is severely wounded.
You block the blink frog's attack.
You closely miss the blink frog.
The blink frog is severely wounded.
The blink frog hits you!
* * * LOW HITPOINT WARNING * * *
You miss the blink frog.
The blink frog is severely wounded.
The blink frog hits you!
You die...

##.##.............
#..P#............. ####
#................ ## #.#.#
##.............. F#..#
#.#.#######..............
##.##.##.#.#...#.#...............
........###.#...###..............
.... #...#.#.#..###..............
....###...#.#..F@..[..)#.#P......
.#...#.....#.#.........≈≈≈#......
.. #........#...##.#..≈≈≈≈....[..
#.###.##...#.#..####..≈≈≈≈#......
...#...#....#.#.# #....≈.#......
#...#...#...#.#.# #........P#.##
###.###.#.#...#.## ...).## ####
.#...#...#....#.# ###.## #.
..†#...#.......#. ###.


You could see a blink frog.

Vanquished Creatures
  A manticore (Lair:2)
  A merfolk siren (Lair:2)
  3 black mambas (Lair:2)
  5 cane toads
  A rime drake (Lair:2)
  A queen bee (Lair:2)
  A blink frog (Lair:2)
  7 hippogriffs
  8 yaks (Lair:2)
  A wyvern (Lair:2)
  4 basilisks
  A hungry ghost (D:7)
  3 steam dragons (Lair:2)
  4 crocodiles
  3 water moccasins
  An ice beast (D:6)
  7 porcupines
  A black bear (Lair:1)
  2 orc warriors (D:7)
  3 ogres
  A wolf (Lair:2)
  A bullfrog (D:4)
  A big kobold (D:7)
  36 killer bees
  4 scorpions
  4 wights (D:7)
  2 crimson imps
  A quasit (D:6)
  2 orc priests
  3 hounds
  A jelly (D:4)
  Jessica (D:2)
  4 iguanas
  4 orc wizards
  7 worker ants
  A hell rat (Lair:2)
  A howler monkey zombie (D:5)
  A worker ant zombie (D:7)
  5 adders
  A river rat (Lair:2)
  An ooze (D:3)
  An adder zombie (D:7)
  3 dart slugs
  A leopard gecko (D:5)
  16 orcs
  3 giant cockroaches (D:1)
  5 goblins
  2 hobgoblins
  3 jackals (D:2)
  2 quokkas
  2 ball pythons
  7 bats
  3 frilled lizards
  A jackal skeleton (D:5)
  10 kobolds
  A quokka skeleton (D:4)
  A rat (D:1)
201 creatures vanquished.

Vanquished Creatures (others)
  23 fungi
  8 plants
31 creatures vanquished.

Grand Total: 232 creatures vanquished

Notes
Turn   | Place    | Note
-------+----------+-------------------------------------------
     0 | D:1      | Artagas the Sand Dwarf Sloth Apostle began the quest for
                  | the Orb.
     0 | D:1      | Reached XP level 1. HP: 18/18 MP: 2/2
    53 | D:1      | Reached skill level 4 in Maces & Flails
    53 | D:1      | Reached XP level 2. HP: 24/25 MP: 3/3
   291 | D:1      | HP: 1/25 [hobgoblin (4)]
   591 | D:2      | Found an ancient bone altar of Kikubaaqudgha.
   636 | D:2      | Noticed Jessica
   640 | D:2      | Killed Jessica
   640 | D:2      | Reached skill level 5 in Maces & Flails
   640 | D:2      | Reached XP level 3. HP: 29/30 MP: 4/4
   659 | D:2      | Reached * piety under Cheibriados
   659 | D:2      | Reached skill level 6 in Maces & Flails
   659 | D:2      | Reached XP level 4. HP: 26/37 MP: 5/5
   753 | D:3      | HP: 5/37 [orc priest/divine providence (11)]
   755 | D:3      | HP: 2/37 [orc (3)]
   998 | D:3      | Reached skill level 3 in Fighting
   998 | D:3      | Reached skill level 7 in Maces & Flails
   998 | D:3      | Reached XP level 5. HP: 20/45 MP: 6/6
  1194 | D:3      | Reached ** piety under Cheibriados
  1231 | D:4      | Reached skill level 4 in Fighting
  1231 | D:4      | Reached XP level 6. HP: 37/52 MP: 7/7
  1269 | D:4      | Reached skill level 8 in Maces & Flails
  1286 | D:4      | Found a glowing golden altar of the Shining One.
  1318 | D:4      | Reached skill level 1 in Armour
  1341 | D:4      | Reached skill level 2 in Armour
  1377 | D:4      | Found Cenetaos's Food Boutique.
  1378 | D:4      | Got a dazzling spear
  1383 | D:4      | Found Pegeuniv's Assorted Antiques.
  1399 | D:4      | Reached XP level 7. HP: 43/60 MP: 8/8
  1419 | D:4      | HP: 9/60 [bullfrog (2)]
  1423 | D:4      | HP: 4/60 [bullfrog (1)]
  1424 | D:4      | HP: 1/60 [bullfrog (3)]
  1429 | D:4      | Gained mutation: You are partially covered in slimy green
                  | scales. (AC +2) [potion of mutation]
  1429 | D:4      | Gained mutation: You have an increased reservoir of magic.
                  | (+10% MP) [potion of mutation]
  1429 | D:4      | Gained mutation: You possess an exceptional clarity of
                  | mind. [potion of mutation]
  1429 | D:4      | Gained mutation: Your skin changes colour to match your
                  | surroundings (Stealth+). [potion of mutation]
  1461 | D:4      | Reached skill level 5 in Fighting
  1506 | D:4      | HP: 9/61 [dart slug/slug dart (5)]
  1514 | D:4      | Reached skill level 9 in Maces & Flails
  1514 | D:4      | Reached skill level 3 in Armour
  1518 | D:4      | Bought a bronze wand for 84 gold pieces
  1518 | D:4      | Bought a bubbling red potion for 18 gold pieces
  1518 | D:4      | Bought a scroll labeled YNICLYINIA for 21 gold pieces
  1518 | D:4      | Bought a scroll of identify for 42 gold pieces
  1531 | D:4      | Found Qysukieff's Food Shoppe.
  1738 | D:5      | Entered Level 5 of the Dungeon
  1738 | D:5      | Found a transporter.
  1805 | D:5      | Found a transporter.
  1809 | D:5      | Noticed a centaur warrior
  1809 | D:5      | Noticed a five-headed hydra
  1917 | D:5      | Reached *** piety under Cheibriados
  1925 | D:5      | Found a sparkling altar of Nemelex Xobeh.
  1964 | D:5      | Found a blossoming altar of Fedhas.
  1984 | D:5      | Found a shattered altar of Ashenzari.
  2033 | D:6      | Found Vuj Giz's Magic Scroll Shop.
  2043 | D:6      | Bought a scroll of teleportation for 36 gold pieces
  2075 | D:6      | Reached skill level 6 in Fighting
  2075 | D:6      | Reached skill level 4 in Armour
  2082 | D:6      | Reached XP level 8. HP: 29/70 MP: 10/10
  2094 | D:6      | Found a glowing silver altar of Zin.
  2142 | D:6      | Reached skill level 10 in Maces & Flails
  2403 | D:6      | Got a bloodstained trident
  2436 | D:7      | Noticed a hippogriff
  2445 | D:7      | Killed a hippogriff
  2445 | D:7      | Reached skill level 1 in Invocations
  2445 | D:7      | Reached skill level 2 in Evocations
  2493 | D:7      | Reached skill level 3 in Evocations
  2513 | D:7      | Reached skill level 3 in Shields
  2708 | D:7      | Reached skill level 5 in Armour
  2708 | D:7      | Reached skill level 2 in Invocations
  2708 | D:7      | Reached XP level 9. HP: 58/78 MP: 12/12
  2718 | D:7      | Reached skill level 11 in Maces & Flails
  2748 | D:7      | Reached **** piety under Cheibriados
  2748 | D:7      | Reached skill level 4 in Evocations
  2750 | D:7      | Reached skill level 7 in Fighting
  3082 | D:7      | Found a staircase to the Lair.
  3105 | D:7      | Reached skill level 3 in Invocations
  3206 | D:7      | Reached skill level 4 in Shields
  3225 | D:7      | Reached skill level 6 in Armour
  3225 | D:7      | Reached skill level 5 in Evocations
  3373 | Lair:1   | Entered Level 1 of the Lair of Beasts
  3373 | Lair:1   | Noticed a cane toad
  3389 | Lair:1   | Killed a cane toad
  3476 | Lair:1   | Reached skill level 8 in Fighting
  3476 | Lair:1   | Reached skill level 6 in Evocations
  3476 | Lair:1   | Reached XP level 10. HP: 85/88 MP: 15/15
  3487 | Lair:1   | Reached skill level 12 in Maces & Flails
  3487 | Lair:1   | Reached skill level 4 in Invocations
  3573 | Lair:1   | Reached skill level 5 in Invocations
  3694 | Lair:2   | Noticed a black mamba
  3775 | Lair:2   | Reached skill level 9 in Fighting
  3793 | Lair:2   | Reached skill level 13 in Maces & Flails
  3798 | Lair:2   | Reached ***** piety under Cheibriados
  3811 | Lair:2   | HP: 18/136 [killer bee (5)]
  3831 | Lair:2   | Noticed a cane toad
  3834 | Lair:2   | Killed a black mamba
  3834 | Lair:2   | Reached skill level 10 in Fighting
  3846 | Lair:2   | Reached skill level 14 in Maces & Flails
  3852 | Lair:2   | Reached XP level 11. HP: 27/99 MP: 12/17
  3853 | Lair:2   | HP: 11/99 [basilisk (4)]
  4228 | Lair:2   | Reached skill level 7 in Evocations
  4241 | Lair:2   | Noticed Sonja
  4254 | Lair:2   | Reached skill level 6 in Invocations
  4490 | Lair:2   | HP: 14/99 [poisoned by a black mamba]
  4492 | Lair:2   | HP: 1/99 [porcupine (12)]
  4585 | Lair:2   | Reached skill level 7 in Invocations
  4901 | Lair:2   | Noticed Sonja
  4901 | Lair:2   | Sonja changed into Sonja the yak
  4912 | Lair:2   | Killed Sonja the yak
  5034 | Lair:2   | Reached skill level 5 in Shields
  5041 | Lair:2   | Reached skill level 7 in Armour
  5085 | Lair:2   | Noticed a manticore
  5103 | Lair:2   | Killed a manticore
  5111 | Lair:2   | Reached skill level 11 in Fighting
  5118 | Lair:2   | Reached skill level 8 in Armour
  5181 | Lair:2   | HP: 14/102 [killer bee (4)]
  5222 | Lair:2   | HP: 12/102 [blink frog (13)]
  5223 | Lair:2   | Slain by a blink frog

Skill      XL: |  1  2  3  4  5  6  7  8  9 10 11 |
---------------+----------------------------------+-----
Maces & Flails | 4 5 6 7 8 9 10 11 14 | 14.1
Fighting       | 3 4 6 8 10 11 | 11.1
Armour         | 2 4 5 6 8 |  8.3
Invocations    | 2 3 5 7 |  7.1
Evocations     | 3 6 7 |  7.3
Shields        | 3 4 5 |  5.0
Stealth        | |  2.4
Spellcasting   | |  1.0
Hexes          | |  0.7

Action                   |  1- 3 |  4- 6 |  7- 9 | 10-12 || total
-------------------------+-------+-------+-------+-------++-------
Melee: Mace              |    67 |   151 |   275 |     4 ||   497
       Flail             |       |       |     9 |   379 ||   388
 Fire: Hunting sling     |     5 |     3 |    49 |    42 ||    99
Throw: Stone             |     2 |       |       |     1 ||     3
Invok: Bend Time         |       |       |     3 |     1 ||     4
       Slouch            |       |       |     1 |     4 ||     5
Evoke: Wand              |     1 |     5 |    18 |     8 ||    32
  Use: Scroll            |       |     2 |     6 |     5 ||    13
       Potion            |       |       |     3 |     5 ||     8
 Stab: Sleeping          |     3 |       |     2 |       ||     5
       Paralysed         |     1 |     7 |       |       ||     8
  Eat: Chunk             |       |       |     6 |     4 ||    10
Armor: Robe              |    15 |       |       |       ||    15
       Chain mail        |       |    58 |    75 |       ||   133
       Scale mail        |       |       |    78 |   122 ||   200
       Skin              |       |       |       |    52 ||    52
Dodge: Dodged            |    36 |    40 |   106 |   125 ||   307
Block: Shield            |    32 |    81 |   179 |   234 ||   526

Levels and vault maps discovered:
D:1:      minmay_arrival_shattered_statue, layout_basic, minmay_misc_feat_iff
D:2:      cheibrodos_helix_gallery, layout_loops_ring, lemuel_crystal_altar,
          first_ration, uniq_jessica
D:3:      layout_loops_ring, minmay_rat_hole
D:4:      layout_rooms, nicolae_qazlal_style_of_elements, serial_bayou,
          serial_bayou_pond_e, serial_bayou_lagoon_a, serial_bayou_pond_b,
          serial_bayou_pond_b, serial_bayou_shore_b, serial_shops, shop_statue,
          kennysheep_mini, nicolae_shop_stone, shop, shop,
          nicolae_tso_swordbearing_angel
D:5:      layout_rooms, gammafunk_temple_overflow_arena, marbit_many_paths,
          cheibrodos_ashenzari_chains, tgw_fedhas,
          minmay_temple_entry_proselytizer
D:6:      layout_basic, zin_academy, serial_shops, shop, kennysheep_nub
D:7:      layout_loops_corners, grunt_lair_entry_orc_guard_hut,
          ebering_ghost_inner_flame
Lair:1:   layout_long_grid, grunt_megastairs_4
Lair:2:   hangedman_what_comes_after_a, layout_gridlike,
          minmay_shoals_entry_lonely_mermaid, uniq_sonja

Table legend:
 A = Turns spent in this place as a percentage of turns spent in the entire game.
 B = Non-inter-level travel turns spent in this place as a percentage of non-inter-level travel turns spent in the entire game.
 C = Inter-level travel turns spent in this place as a percentage of turns spent in this place.
 D = Turns resting spent in this place as a percentage of non-inter-level travel turns spent in this place.
 E = Turns spent auto-exploring this place as a percentage of non-inter-level travel turns spent in this place.
 F = Non-inter-level travel turns spent in this place divided by the number of levels of this place that you've seen.
                   A       B       C       D       E      F
               +-------+-------+-------+-------+-------+----------------------
         Total | 100.0 | 100.0 |   2.1 |  35.4 |   6.7 | 568.0
       Dungeon |  64.6 |  64.2 |   2.6 |  28.8 |  10.4 | 469.1
          Lair |  35.4 |  35.8 |   1.2 |  47.2 |   0.0 | 914.0
               +-------+-------+-------+-------+-------+----------------------

Table legend:
 A = Kills in this place as a percentage of kills in entire the game.
 B = Kills by you in this place as a percentage of kills by you in the entire game.
 C = Kills by friends in this place as a percentage of kills by friends in the entire game.
 D = Other kills in this place as a percentage of other kills in the entire game.
 E = Experience gained in this place as a percentage of experience gained in the entire game.
 F = Experience gained in this place divided by the number of levels of this place that you have seen.
                   A       B       C       D       E      F
               +-------+-------+-------+-------+-------+----------------------
         Total | 100.0 | 100.0 |   N/A |   N/A | 100.0 | 1947.9
       Dungeon |  60.7 |  60.7 |   N/A |   N/A |  23.6 | 591.6
          Lair |  39.3 |  39.3 |   N/A |   N/A |  76.4 | 6695.0
               +-------+-------+-------+-------+-------+----------------------
